Map: [ESL] Goldenaura

Players

Coffee - Winner!

  • Race: Terran Terran
  • Spawn Location: 5:00

Nice

  • Race: Protoss Protoss
  • Spawn Location: 12:00

Event: ESL SC2 Masters 2024 Spring (Regional)

VOD

Have the link to the VOD?

Description

Time

  • Played on: April 28, 2024, 6:55 a.m.
  • Length: 7:49

All games in this series

Show
View Real Time Build Order
Export as new Build Order

Coffee Terran - Winner!

Build Orders: Reaper Expand 

Get SALT Encoding   

  12  0:00  SCV  
  13  0:12  SCV  
  14  0:17  Supply Depot  
  14  0:24  SCV  
  15  0:38  SCV  
  15  0:40  Barracks  
  16  0:43  Refinery  
  16  0:50  SCV  
  17  1:02  SCV  
  18  1:15  SCV  
  19  1:27  Orbital Command, Reaper  
  20  1:40  Command Center  
  20  1:48  Supply Depot  
  20  1:53  SCV  
  21  1:58  Marine  
  22  2:05  SCV  
  22  2:08  Factory  
  23  2:15  Bunker  
  23  2:17  SCV  
  23  2:20  Barracks Reactor  
  24  2:24  Refinery  
  24  2:29  SCV  
  25  2:41  SCV  
  26  2:53  SCV, Starport  
  26  2:54  Orbital Command  
  26  2:56  Marine  
  26  2:57  Marine  
  29  2:59  Widow Mine  
  31  3:05  SCV  
  32  3:15  Marine x2  
  34  3:21  Widow Mine, SCV x2  
  34  3:26  Supply Depot  
  38  3:30  Medivac  
  38  3:33  SCV x2  
  42  3:36  Marine x2  
  44  3:44  Factory Tech Lab  
  44  3:45  SCV x2  
  46  3:50  Supply Depot  
  45  3:57  SCV, Marine x2  
  45  3:58  SCV  
  49  4:03  Siege Tank  
  49  4:09  SCV  
  53  4:10  SCV  
  53  4:11  Liberator  
  53  4:15  Supply Depot  
  53  4:16  Marine  
  58  4:21  SCV  
  58  4:22  SCV  
  60  4:29  Refinery  
  60  4:30  Engineering Bay  
  60  4:33  SCV  
  60  4:38  Marine x2  
  63  4:39  Siege Tank  
  63  4:42  SCV  
  67  4:45  SCV  
  67  4:47  Barracks  
  67  4:48  Barracks  
  67  4:51  Supply Depot  
  68  4:54  SCV  
  68  4:55  Starport Tech Lab  
  68  4:57  Marine  
  70  5:00  Terran Infantry Weapons Level 1  
  70  5:04  Refinery  
  70  5:05  Supply Depot  
  70  5:08  Supply Depot  
  70  5:12  Marine  
  70  5:13  SCV  
  72  5:20  SCV  
  73  5:25  SCV, Supply Depot  
  73  5:26  Starport Reactor, Factory Reactor  
  74  5:31  Marine x2  
  76  5:37  Command Center  
  76  5:43  Stimpack  
  76  5:44  Marauder x2  
  80  5:50  Marine x2  
  80  5:55  Combat Shield  
  82  6:03  Medivac x2  
  85  6:07  Supply Depot  
  85  6:08  Marauder x2  
  90  6:12  Marine x2  
  90  6:16  Widow Mine x2  
  95  6:28  Barracks  
  95  6:29  SCV x2, Barracks  
  97  6:34  Marauder  
  97  6:37  Marauder  
  102  6:43  Marine  
  102  6:44  Marine  
  103  6:49  Orbital Command  
  103  6:53  Medivac x2  
  107  6:56  Marauder  
  100  7:12  Marauder  
  100  7:14  Marine x2  
  97  7:18  Marauder  
  97  7:20  Barracks Tech Lab, Barracks Reactor  
Show
View Real Time Build Order
Export as new Build Order

Nice Protoss 

Build Orders: 1 Gate Expand, Blink Stalkers 

Get SALT Encoding   

  12  0:00  Probe  
  13  0:12  Probe  
  14  0:17  Pylon  
  14  0:24  Probe  
  15  0:36  Probe (Chrono Boost)  
  15  0:38  Gateway  
  16  0:47  Assimilator, Probe (Chrono Boost)  
  17  0:52  Probe (Chrono Boost)  
  18  1:03  Probe  
  19  1:15  Probe  
  20  1:25  Cybernetics Core  
  20  1:36  Nexus  
  20  1:42  Pylon  
  20  1:47  Assimilator  
  20  1:49  Probe  
  21  1:58  Adept (Chrono Boost)  
  24  2:01  Warp Gate, Probe  
  24  2:13  Probe  
  25  2:25  Probe  
  26  2:31  Twilight Council  
  26  2:33  Stalker (Chrono Boost)  
  28  2:37  Probe  
  29  2:49  Probe  
  29  2:50  Probe  
  31  2:59  Blink (Chrono Boost)  
  31  3:01  Probe  
  31  3:02  Probe, Gateway  
  33  3:14  Probe x2  
  35  3:23  Pylon  
  35  3:26  Probe x2  
  37  3:35  Robotics Facility  
  37  3:38  Probe x2  
  39  3:50  Probe x2  
  39  3:54  Shield Battery  
  41  3:58  Stalker x2  
  41  4:02  Probe x2  
  45  4:15  Probe  
  45  4:16  Nexus  
  46  4:17  Pylon  
  46  4:18  Observer  
  46  4:22  Stalker x2  
  46  4:23  Probe  
  52  4:27  Probe  
  53  4:35  Probe  
  53  4:36  Assimilator  
  54  4:38  Assimilator  
  54  4:39  Probe  
  54  4:42  Immortal (Chrono Boost)  
  58  4:47  Probe  
  58  4:49  Stalker  
  58  4:51  Probe  
  58  4:52  Shield Battery  
  62  5:03  Pylon  
  62  5:04  Pylon, Observer  
  62  5:18  Charge, Immortal (Chrono Boost)  
  66  5:21  Stalker  
  66  5:22  Stalker  
  66  5:24  Probe  
  66  5:25  Probe  
  66  5:28  Probe  
  73  5:37  Probe x2  
  73  5:39  Pylon  
  73  5:40  Probe  
  73  5:42  Robotics Bay  
  76  5:45  Stalker  
  76  5:48  Observer, Stalker  
  76  5:49  Probe x2  
  82  5:51  Observer  
  82  5:56  Probe  
  84  6:01  Probe  
  85  6:06  Probe  
  85  6:08  Probe  
  85  6:09  Gateway  
  85  6:11  Immortal (Chrono Boost)  
  87  6:12  Gateway  
  87  6:14  Probe  
  87  6:16  Observer  
  92  6:19  Gateway  
  92  6:21  Forge  
  92  6:25  Sentry  
  92  6:26  Probe  
  92  6:27  Probe  
  96  6:43  Zealot  
  96  6:46  Gateway  
  98  6:49  Pylon  
  98  6:56  Pylon, Shield Battery  
  98  7:02  Colossus (Chrono Boost)  
  97  7:11  Zealot x4  
  97  7:15  Zealot  
  95  7:16  Probe  
  95  7:17  Probe x2  
  86  7:31  Zealot x4  
Tags
 
Add a new tag
Caveats
  • Supply blocks, unpowered buildings, or Contaminate may cause inaccurate times.
  • Supply counts are checked every 10 seconds.